 Dungeon Crawl Stone Soup version 0.32-a0-791-gfc315c9ecd (console) character file.

Game seed: 16624423019640963484

2311192 jejorda2 the Slayer (level 27, 235/235 HPs)
             Began as a Coglin Berserker on Mar 19, 2024.
             Was a High Priest of Trog.
             Escaped with the Orb
             ... and 4 runes on Mar 20, 2024!
             The game lasted 04:00:17 (71410 turns).

jejorda2 the Slayer (Coglin Berserker)             Turns: 71410, Time: 04:00:18

Health: 235/235    AC: 41    Str: 31    XL:     27
Magic:  23/23      EV: 21    Int: 12    God:    Trog [*****.]
Gold:   5702       SH:  0    Dex: 27    Spells: 26/26 levels left

rFire   + + .        a - +9 demon trident (spect) {Florimund}
rCold   + + .        b - +8 demon trident {distort, reach+}
rNeg    . . .        U - +5 gold dragon scales
rPois   +            k - +1 helmet of the Ego {rElec Str+3}
rElec   +            R - +2 cloak {rCorr}
rCorr   +            F - +2 pair of gloves "Ykkukh" {Dex+6 Slay+5 SInv}
SInv    +            q - +2 pair of boots "Ytsumoo" {Dex+7}
Will    ++...        (amulet unavailable) Stlth
                     (ring unavailable)
HPRegen 0.59/turn    (ring unavailable)
MPRegen 0.18/turn    w
                       - NW-20 geocapacitor {Gadgeteer, rF+ rC+}

%: no passive effects
@: studying Long Blades
A: off-hand wielding, slow wielding, warmup strikes, no jewellery, clever 1,
sense surroundings 1
0: Orb of Zot
}: 4/15 runes: serpentine, barnacled, slimy, silver
a: Renounce Religion, Berserk, Trog's Hand, Brothers in Arms


You escaped.
You worshipped Trog.
Trog was extremely pleased with you.
You visited 10 branches of the dungeon, and saw 52 of its levels.
You also visited: Sewer, Gauntlet and Ice Cave.

You collected 10617 gold pieces.
You spent 4915 gold pieces at shops.

Inventory:

Hand Weapons
 a - a +9 spectral demon trident (weapon) {Florimund}
 b - the +8 demon trident "Rift" (offhand) {distort, reach+}
   (You acquired it on level 1 of the Depths)
Missiles
 m - 12 atropa-tipped darts
 o - 54 poisoned darts
 p - 45 boomerangs
 v - 23 curare-tipped darts
 A - 4 throwing nets
 I - 29 javelins
 P - 24 silver javelins (quivered)
Armour
 k - the +1 helmet of the Ego (worn) {rElec Str+3}
   (You found it on level 5 of the Vaults)

   Str+3:     It affects your strength (+3).
   rElec:     It insulates you from electricity.
 q - the +2 pair of boots "Ytsumoo" (worn) {Dex+7}
   (You acquired it on level 6 of the Dungeon)

   Dex+7:     It affects your dexterity (+7).
 F - the +2 pair of gloves "Ykkukh" (worn) {Dex+6 Slay+5 SInv}
   (You found it in a Gauntlet)

   Dex+6:     It affects your dexterity (+6).
   Slay+5:    It affects your accuracy & damage with ranged weapons and melee
   (+5).
   SInv:      It lets you see invisible.
 R - a +2 cloak of preservation (worn)
 U - +5 gold dragon scales (worn)
Gizmo
 w - a NW-20 geocapacitor (installed) {Gadgeteer, rF+ rC+}
   (You invented it yourself on level 2 of the Lair of Beasts)

   [NW-20 geocapacitor]

   Gadgeteer: Your evocable items recharge 30% faster and wands have a 30%
   chance to not spend a charge.
   rF+:       It protects you from fire.
   rC+:       It protects you from cold.
Wands
 d - a wand of digging (10)
 s - a wand of mindburst (112)
 u - a wand of paralysis (71)
 x - a wand of quicksilver (27)
 z - a wand of warping (68)
 E - a wand of flame (79)
 M - a wand of polymorph (19)
Scrolls
 j - 27 scrolls of teleportation
 r - 13 scrolls of fear
 y - 6 scrolls of blinking
 B - 3 scrolls of noise
 C - 5 scrolls of poison
 D - 11 scrolls of vulnerability
 H - 4 scrolls of revelation
 N - 4 scrolls of silence
 O - 5 scrolls of fog
 W - 3 scrolls of immolation
Potions
 c - 8 potions of attraction
 e - 9 potions of ambrosia
 f - 6 potions of might
 g - 4 potions of mutation
 h - 5 potions of invisibility
 i - a potion of cancellation
 l - 13 potions of heal wounds
 n - 8 potions of haste
 t - 17 potions of curing
 G - 5 potions of enlightenment
 V - a potion of resistance
Miscellaneous
 K - a sack of spiders
 Q - a lightning rod (4/4)
 S - a condenser vane
 T - a phial of floods


   Skills:
 + Level 23.2 Fighting
 + Level 22.1 Polearms
 + Level 17.6 Throwing
 + Level 18.4 Armour
 - Level 20.0 Dodging
 - Level 6.9 Stealth
 - Level 20.0 Evocations


You had 26 spell levels left.
You didn't know any spells.
Your spell library was empty.

Dungeon Overview and Level Annotations

Branches:
Dungeon (15/15)            Temple (0/1) D:7            Lair (5/5) D:8
 Shoals (4/4) Lair:3        Snake (4/4) Lair:2        Slime (5/5) Lair:4
    Orc (2/2) D:12            Elf (3/3) Orc:2        Vaults (5/5) D:13
  Crypt (0/3) Vaults:3     Depths (4/4) D:15            Zot (5/5) Depths:4
  Sewer (visited)           IceCv (visited)         Gauntlet (visited)

Altars:
Ashenzari
Cheibriados
Dithmenos
Fedhas
Hepliaklqana
Kikubaaqudgha
Makhleb
Nemelex Xobeh
Qazlal
Sif Muna
Trog
Uskayaw
Vehumet
Wu Jian
Xom
Yredelemnul
Zin
The Shining One
Beogh
Jiyva

Shops:
D:8 **   D:9 [   Orc:2 *??([   Elf:2 *   Elf:3 (   Vaults:1 (*   Vaults:3 [
Vaults:4 ?   Depths:1 (

Portals:
Hell: Lair:5 Depths:1 Depths:2 Depths:3 Depths:4
Abyss: Depths:4
Pandemonium: Depths:2
Ziggurat: Depths:3

Annotations:
Lair:1 1 runed translucent door, exclusion: door, Otedoll's ghost, journeyman DECj
Vaults:2 2 transporters, Gryn's ghost, adept HuEE
Depths:2 1 runed translucent door, jestert79's ghost, adept DsSu
Zot:3 1 exclusion
Zot:4 3 exclusions
Abyss:1 Raguh's ghost, veteran OnBe


Innate Abilities, Weirdness & Mutations

You can wield a second weapon in your off-hand.
It takes a long time for you to wield or remove held weapons.
Your first few attacks do less damage.
You cannot equip rings or amulets.
Your mind is acute. (Int +4, Str/Dex -1)
You passively map a small area around you.


Message History

(P) Snake Pit (M) Slime Pits (O) Orcish Mines (E) Elven Halls (V) Vaults (C) Crypt (U) Depths (H) Hell (Z) Zot
Where to? (Tab/Enter - D:2, ? - help)
You barely miss the Orb Guardian with the +8 demon trident "Rift".
You hit the Orb Guardian with your +9 spectral demon trident.
Your +9 spectral demon trident {Florimund} misses the Orb Guardian.
The Orb Guardian hits you!!
You perforate the Orb Guardian like a sieve with your +9 spectral demon trident!!!
The Orb Guardian is almost dead.
You hit the Orb Guardian with the +8 demon trident "Rift".
Your +9 spectral demon trident {Florimund} barely misses the Orb Guardian.
The Orb Guardian barely misses you.
You barely miss the Orb Guardian with the +8 demon trident "Rift".
The Orb Guardian is almost dead.
You impale the Orb Guardian with your +9 spectral demon trident!!
You kill the Orb Guardian!
Trog accepts your kill.
Your +9 spectral demon trident {Florimund} disappears.
No target in view!
No target in view!
(D) Dungeon (T) Temple (L) Lair (A) Shoals (P) Snake Pit (M) Slime Pits (O) Orcish Mines (E) Elven Halls (V) Vaults (C) Crypt (U) Depths (H) Hell (Z) Zot
Where to? (Tab/Enter - D:2, ? - help)
There is a stone staircase leading up here.
You climb upwards.
There is a stone staircase leading down here.
(D) Dungeon (T) Temple (L) Lair (A) Shoals (P) Snake Pit (M) Slime Pits (O) Orcish Mines (E) Elven Halls (V) Vaults (C) Crypt (U) Depths (H) Hell (Z) Zot
Where to? (Tab/Enter - D:2, ? - help) HP restored.
There is a stone staircase leading up here.
You climb upwards.
There is a stone staircase leading down here.
There is a staircase leading out of the dungeon here.
You have escaped!

#.##### #...# #.##.......##
##.#...# #...# #.##.........
#....#.####################.#.#.
##..###......................#.#.
##..###.######......######...#...
......#......................#...
##.#.##.##..##......##..##...####
#.#.##......................#..†
#....##########@>###############
####.#### #.....# #...# #.....†.#
#.##### ##.## #.......# ####.####
#.# #..###).# #.......# #.# #..#
#..# #.......#####.#### #..###..#
#.......##.......# #.......#
#.......##.##.##.# #.......#
#.......##.##.##.#


There were no monsters in sight!

Vanquished Creatures
  Dissolution (Slime:4)
  the Royal Jelly (Slime:5)
  A pandemonium lord (Zot:4)
  4 dread liches
  2 orbs of fire (Zot:5)
  Mennas (Vaults:3)
  Mara (Vaults:4)
  3 ancient liches
  Xtahua (Vaults:3)
  Sojobo (Vaults:3)
  3 Killer Klowns (Zot:5)
  Boris (Depths:4)
  Saint Roka (Vaults:3)
  Bai Suzhen (Vaults:2)
  Nikola (Shoals:4)
  Margery (Vaults:3)
  12 golden dragons
  Norris (Vaults:3)
  A bone dragon (Depths:4)
  2 hellephants
  2 electric golems
  7 tentacled monstrosities
  27 Orb Guardians
  Asterion (Elf:1)
  6 liches
  3 deep elf blademasters
  2 deep elf master archers (Elf:3)
  8 sphinxes
  4 quicksilver dragons
  14 acid blobs
  9 death cobs
  Agnes (Snake:2)
  Kirke (Elf:1)
  Gastronok (Lair:3)
  13 storm dragons
  6 azure jellies
  9 tengu reavers
  Roxanne (Shoals:2)
  Aizul (Snake:2)
  Donald (Shoals:4)
  A protean progenitor (Zot:1)
  6 draconian knights
  10 rockslimes
  2 demonspawn warmongers (Depths:1)
  8 shadow dragons
  5 draconian monks
  Ilsuiw (Shoals:2)
  11 fire giants
  A frost giant (Vaults:5)
  2 deep elf sorcerers (Elf:3)
  5 nagarajas
  A ghost moth (Zot:4)
  3 iron dragons
  6 draconian stormcallers
  14 vault wardens
  3 spectral caustic shrikes (Depths:3)
  An angel (Depths:4)
  5 draconian scorchers
  2 spectral juggernauts (Depths:3)
  2 reapers
  33 ironbound preservers
  2 orc warlords
  10 very ugly things
  2 draconian annihilators
  The ghost of Qikim the Earth Mage, a journeyman GrEE of Gozag (Elf:3)
  11 stone giants
  10 ironbound thunderhulks
  7 quicksilver oozes
  9 formless jellyfish
  Nessos (D:13)
  2 deep elf demonologists (Elf:3)
  10 green draconians
  7 vampire knights
  8 dire elephants
  3 spectral titans (Depths:3)
  7 black draconians
  5 spark wasps (Depths:2)
  9 white draconians
  5 war gargoyles
  Snorg (Lair:5)
  7 red draconians
  9 deep elf annihilators
  12 deep elf death magi
  A minotaur (Gauntlet)
  5 yellow draconians
  6 purple draconians
  An eidolon (Depths:3)
  5 blizzard demons
  9 ettins
  10 merfolk impalers
  6 merfolk javelineers
  3 deep elf high priests
  11 fire dragons
  19 yaktaur captains
  3 spectral golden dragons (Depths:3)
  A hell beast (Lair:5)
  2 entropy weavers
  7 great orbs of eyes
  9 ice dragons
  An ogre mage (Vaults:5)
  A spectral shadow dragon (Depths:3)
  A spectral sphinx (Depths:3)
  2 caustic shrike simulacra (Depths:3)
  11 ironbound frosthearts
  7 hydras
  3 rakshasas
  Erica (D:9)
  2 spectral tengu (Depths:3)
  6 merfolk aquamancers
  4 alligator snapping turtles
  An alligator (Shoals:1)
  2 catoblepae
  20 centaur warriors
  12 anacondas
  A merfolk avatar (Shoals:1)
  39 vault guards
  A peacekeeper (Vaults:3)
  30 dancing weapons
  4 two-headed ogres
  2 spectral fire giants (Depths:3)
  7 tengu warriors
  8 deep troll shamans
  3 satyrs
  2 death scarabs (Gauntlet)
  8 boulder beetles
  3 deep troll earth magi
  3 death yaks
  An orc high priest (Vaults:3)
  5 vampire magi (Depths:3)
  5 naga warriors
  8 spriggan berserkers
  5 occultists
  9 naga sharpshooters
  4 shock serpents
  Urug (D:13)
  5 spectral storm dragons (Depths:3)
  2 soul eaters (Depths:3)
  11 hell knights
  A shock serpent (shapeshifter) (Elf:2)
  A sun demon (Depths:2)
  3 skeletal warriors (D:15)
  12 deep elf knights
  3 salamander mystics
  A shadow wraith (Vaults:5)
  A sixfirhy (Depths:2)
  A skyshark (shapeshifter) (Elf:3)
  7 skysharks
  2 spectral spark wasps (Depths:3)
  Lodul (D:13)
  4 flayed ghosts
  3 iron trolls
  2 glowing orange brains (shapeshifter) (Vaults:5)
  3 glowing orange brains
  72 deep trolls
  A shadow demon (D:9)
  2 death drakes (Depths:3)
  18 sea snakes
  12 deep elf archers
  13 lindwurms
  4 mana vipers
  A spectral iron dragon (Depths:3)
  6 naga ritualists
  7 arcanists
  2 orange crystal statues (Depths:3)
  A goliath frog (Shoals:1)
  10 phantasmal warriors
  2 thermic dynamos (Elf:1)
  22 harpies
  7 orc knights
  27 deep elf pyromancers
  28 deep elf zephyrmancers
  20 ironbound convokers
  7 necromancers
  3 obsidian bats
  22 ugly things
  An oklob plant (Lair:2)
  5 orc sorcerers
  3 sphinx simulacra (Depths:3)
  11 fauns
  A tengu skeleton (Vaults:3)
  20 manticores
  10 cyclopes
  3 shining eyes
  27 moths of wrath
  10 salamanders
  A meliai (shapeshifter) (D:13)
  Maurice (D:7)
  3 guardian serpents
  2 kobold blastminers (Orc:2)
  32 black mambas
  8 elephants
  10 merfolk sirens
  A storm dragon simulacrum (Depths:3)
  3 eyes of devastation
  14 water nymphs
  26 vault sentinels
  3 gargoyles
  A smoke demon (Lair:5)
  14 naga magi
  2 torpor snails
  3 ice statues (IceCv)
  A frost giant skeleton (Vaults:3)
  6 cane toads
  An orange demon (Lair:5)
  6 rime drakes
  8 komodo dragons
  Jeremiah (D:6)
  An unseen horror (D:11)
  An anaconda simulacrum (IceCv)
  4 freezing wraiths
  A yaktaur (shapeshifter) (Vaults:5)
  16 yaktaurs
  4 ice devils
  5 tengu conjurers
  A golden dragon simulacrum (Depths:3)
  A queen bee (shapeshifter) (Elf:3)
  5 spectral glowing shapeshifters (Depths:3)
  3 hellwings
  8 hornets
  A queen bee (Lair:2)
  7 trolls
  2 polar bears
  Prince Ribbit (D:8)
  A merfolk (shapeshifter) (Vaults:5)
  33 merfolk
  Grinder (D:6)
  6 wind drakes
  20 blink frogs
  12 dream sheep
  A shadow dragon simulacrum (Depths:3)
  A stone giant simulacrum (Vaults:3)
  A raiju (shapeshifter) (Elf:1)
  3 glass eyes
  9 snapping turtles
  A spectral dream sheep (Gauntlet)
  A culicivora (Vaults:4)
  Sigmund (D:6)
  A spriggan (shapeshifter) (D:14)
  7 spriggans
  7 air elementals (Shoals:4)
  53 slime creatures
  29 water elementals
  3 wraiths
  A wyvern (D:10)
  A dire elephant simulacrum (IceCv)
  53 yaks
  4 shadows
  A ynoxinul (Zot:1)
  A warg (shapeshifter) (D:13)
  16 humans
  A spectral komodo dragon (Gauntlet)
  6 basilisks
  5 wargs
  A death yak simulacrum (IceCv)
  2 fire elementals (Elf:3)
  A yaktaur simulacrum (Vaults:3)
  13 vampire mosquitoes
  Menkaure (D:5)
  3 redbacks (Vaults:1)
  30 nagas
  3 acid dragons
  A hydra simulacrum (IceCv)
  3 hell hounds (Lair:5)
  13 water moccasins
  2 swamp worms (shapeshifter)
  Pargi (Sewer)
  An ice beast (D:7)
  A sky beast (shapeshifter) (D:15)
  23 orc warriors
  5 black bears
  5 boggarts (Vaults:2)
  A laughing skull (D:12)
  9 ogres
  6 wolves (Lair:1)
  21 centaurs
  3 phantoms
  3 kobold brigands
  Blork the orc (D:6)
  2 brain worms (Sewer)
  17 bullfrogs
  An earth elemental (Elf:2)
  5 gnoll sergeants
  2 cane toad simulacra
  6 scorpions
  5 wights (D:9)
  A human simulacrum (Vaults:3)
  31 killer bees
  9 electric eels (D:10)
  A howler monkey (shapeshifter) (Elf:2)
  A lava snake (D:9)
  A bombardier beetle (D:5)
  3 hounds
  20 orc priests
  4 jellies
  Crazy Yiuf (D:2)
  A gnoll bouda (D:7)
  5 iguanas
  26 orc wizards
  A polar bear simulacrum (Lair:1)
  4 wolf simulacra (IceCv)
  25 gnolls
  6 adders
  A river rat (D:4)
  2 dart slugs
  A ribbon worm (D:4)
  78 orcs
  7 bats
  9 endoplasms
  2 giant cockroaches
  4 goblins
  13 hobgoblins
  7 jackals
  35 kobolds
  6 quokkas
  4 ball pythons
  2 frilled lizards (D:3)
  6 rats
  An aspiring flesh (Zot:1)
  A spectral weapon (Elf:1)
2177 creatures vanquished.

Vanquished Creatures (collateral kills)
  An acid blob (Slime:5)
  2 quicksilver oozes (Slime:5)
  A merfolk avatar (Shoals:4)
  A naga sharpshooter (Snake:1)
  A naga ritualist (Snake:1)
  A harpy (Shoals:2)
  A spectral boulder beetle (Gauntlet)
  A manticore (Shoals:2)
  A red devil (Lair:5)
  A hell hound (Lair:5)
11 creatures vanquished.

Vanquished Creatures (others)
  A merfolk (Shoals:3)
  5 humans (Elf:1)
  58 spectral weapons
64 creatures vanquished.

Grand Total: 2252 creatures vanquished

Notes
Turn   | Place    | Note
-------+----------+-------------------------------------------
     0 | D:1      | jejorda2 the Coglin Berserker began the quest for the Orb.
     0 | D:1      | Reached XP level 1. HP: 18/18 MP: 1/1
    41 | D:1      | Reached XP level 2. HP: 21/24 MP: 2/2
   260 | D:1      | Reached ** piety under Trog
   316 | D:1      | Reached XP level 3. HP: 29/29 MP: 3/3
   820 | D:2      | Found a runed translucent door.
   821 | D:2      | Noticed Crazy Yiuf
   829 | D:2      | Killed Crazy Yiuf
   830 | D:2      | Reached XP level 4. HP: 37/37 MP: 4/4
  1576 | D:3      | Reached skill level 4 in Fighting
  1576 | D:3      | Reached XP level 5. HP: 21/42 MP: 5/5
  1686 | D:3      | You fall into a shaft and drop 2 floors!
  1686 | D:5      | Entered Level 5 of the Dungeon
  1722 | D:4      | Found a shimmering blue altar of Sif Muna.
  1762 | D:4      | Noticed a phantom
  1798 | D:4      | Killed a phantom
  1828 | D:4      | Reached skill level 5 in Polearms
  1892 | D:4      | Reached XP level 6. HP: 47/49 MP: 6/6
  2016 | D:4      | Reached *** piety under Trog
  2143 | D:4      | Found a glowing drain.
  2147 | Sewer    | Entered a sewer
  2229 | Sewer    | Reached skill level 5 in Fighting
  2229 | Sewer    | Reached XP level 7. HP: 43/56 MP: 4/7
  2368 | Sewer    | Noticed Pargi
  2375 | Sewer    | Killed Pargi
  2866 | D:3      | Found a blossoming altar of Fedhas.
  2866 | D:3      | Found a snail-covered altar of Cheibriados.
  3253 | D:3      | Found a faded altar of an unknown god.
  3373 | D:5      | Reached XP level 8. HP: 64/64 MP: 8/8
  3414 | D:5      | Reached **** piety under Trog
  3415 | D:5      | Reached skill level 6 in Fighting
  3581 | D:5      | Noticed Menkaure
  3586 | D:5      | Killed Menkaure
  3774 | D:5      | Found a broken altar of Ashenzari.
  3775 | D:5      | Found a hazy altar of Hepliaklqana.
  4049 | D:6      | Noticed Blork the orc
  4060 | D:6      | Noticed Sigmund
  4063 | D:6      | Killed Blork the orc
  4068 | D:6      | Killed Sigmund
  4069 | D:6      | Reached skill level 7 in Fighting
  4103 | D:6      | Reached XP level 9. HP: 72/72 MP: 9/9
  4197 | D:6      | Found a shadowy altar of Dithmenos.
  4319 | D:6      | Noticed Jeremiah
  4331 | D:6      | Killed Jeremiah
  4454 | D:6      | Noticed Grinder
  4465 | D:6      | Killed Grinder
  4466 | D:6      | Reached skill level 10 in Polearms
  4600 | D:6      | Found a glowing golden altar of the Shining One.
  4666 | D:6      | Identified a scroll of acquirement
  4666 | D:6      | Acquired the +2 pair of boots "Ytsumoo" {Dex+7}
  4961 | D:7      | Noticed Maurice
  4970 | D:7      | Something stole 358 gold
  5007 | D:7      | Paralysed by something for 5 turns
  5015 | D:7      | Killed Maurice
  5016 | D:7      | Reached XP level 10. HP: 72/79 MP: 8/10
  5148 | D:7      | Found a staircase to the Ecumenical Temple.
  5625 | D:8      | Noticed a two-headed ogre
  5628 | D:8      | Killed a two-headed ogre
  5748 | D:8      | Reached skill level 5 in Armour
  5768 | D:8      | Found a staircase to the Lair.
  6148 | D:8      | Noticed Prince Ribbit
  6153 | D:8      | Killed Prince Ribbit
  6211 | D:8      | Found Cexutig's General Store.
  6214 | D:8      | Found Juibboyste's Specific Store.
  6234 | D:8      | Found Quzas's Neck Hole.
  6357 | D:8      | Found a bloodstained altar of Trog.
  6468 | D:9      | Reached skill level 1 in Evocations
  6596 | D:9      | Found Mangoem's Armour Emporium.
  6609 | D:9      | Found a shimmering altar of Xom.
  6655 | D:9      | Reached XP level 11. HP: 82/84 MP: 11/11
  6930 | D:9      | Noticed a two-headed ogre
  6935 | D:9      | Killed a two-headed ogre
  6987 | D:9      | Found an ornate altar of the Wu Jian Council.
  6988 | D:9      | Noticed Erica
  6995 | D:9      | Killed Erica
  7191 | D:9      | Reached skill level 5 in Evocations
  7238 | D:9      | Noticed a two-headed ogre
  7244 | D:9      | Killed a two-headed ogre
  7295 | D:9      | Found an ancient bone altar of Kikubaaqudgha.
  7304 | D:9      | Found a hide-covered altar of Uskayaw.
  7589 | D:9      | Bought the +0 helmet "Ajut" {rPois rF+ rCorr} for 311 gold
                  | pieces
  7670 | D:8      | Bought a potion of might for 60 gold pieces
  7674 | D:8      | Bought a wand of flame (8) for 78 gold pieces
  7789 | D:10     | Entered Level 10 of the Dungeon
  7942 | D:10     | Reached skill level 1 in Throwing
  7947 | D:10     | Found a sparkling altar of Nemelex Xobeh.
  8037 | D:10     | Found a stormy altar of Qazlal.
  8062 | D:10     | Acquired a +1 demon trident of freezing
  8569 | D:10     | Found a basalt altar of Yredelemnul.
  9099 | D:11     | Noticed a cyclops
  9107 | D:11     | Killed a cyclops
  9250 | D:11     | Noticed a cyclops
  9269 | D:11     | Killed a cyclops
  9270 | D:11     | Reached XP level 12. HP: 83/91 MP: 12/12
  9496 | D:11     | Reached skill level 5 in Dodging
  9639 | D:12     | Noticed a two-headed ogre
  9645 | D:12     | Killed a two-headed ogre
  9715 | D:12     | Reached ***** piety under Trog
  9822 | D:12     | Found a gate leading to a gauntlet.
  9831 | Gauntlet | Entered a Gauntlet
  9831 | Gauntlet | Found a transporter.
  9831 | Gauntlet | Found a transporter.
  9862 | Gauntlet | Noticed a catoblepas
  9888 | Gauntlet | Found a transporter.
  9888 | Gauntlet | Found a transporter.
  9890 | Gauntlet | Noticed a death scarab
  9890 | Gauntlet | Noticed a death scarab
  9914 | Gauntlet | Found a transporter.
  9918 | Gauntlet | Found a large runed translucent door.
  9918 | Gauntlet | Noticed a death scarab
  9919 | Gauntlet | Found a large runed translucent door.
  9920 | Gauntlet | Found a large runed translucent door.
  9920 | Gauntlet | Found a large runed translucent door.
  9920 | Gauntlet | Noticed a death scarab
  9921 | Gauntlet | Found a large runed translucent door.
  9921 | Gauntlet | Found a large runed translucent door.
  9921 | Gauntlet | Found a runed translucent gate.
  9921 | Gauntlet | Found a runed translucent door.
  9922 | Gauntlet | Found a transporter.
  9922 | Gauntlet | Found a runed translucent gate.
  9922 | Gauntlet | Found a transporter.
  9923 | Gauntlet | Found a runed translucent gate.
  9924 | Gauntlet | Found a large runed translucent door.
  9924 | Gauntlet | Found a large runed translucent door.
  9925 | Gauntlet | Found a large runed translucent door.
  9926 | Gauntlet | Found a large runed translucent door.
  9935 | Gauntlet | Found a large runed translucent door.
  9935 | Gauntlet | Found a large runed translucent door.
  9935 | Gauntlet | Found a runed translucent door.
  9944 | Gauntlet | Found a transporter.
  9951 | Gauntlet | Found a transporter.
  9960 | Gauntlet | Found a large runed translucent door.
  9961 | Gauntlet | Found a large runed translucent door.
  9963 | Gauntlet | Found a transporter.
 10003 | Gauntlet | Found a transporter.
 10018 | Gauntlet | Found a transporter.
 10021 | Gauntlet | Noticed a death scarab
 10025 | Gauntlet | Noticed a death scarab
 10034 | Gauntlet | Found a transporter.
 10125 | Gauntlet | Found a transporter.
 10134 | Gauntlet | Found a transporter.
 10141 | Gauntlet | Noticed a reaper
 10148 | Gauntlet | Found a transporter.
 10164 | Gauntlet | Found a large runed translucent door.
 10164 | Gauntlet | Found a large runed translucent door.
 10247 | Gauntlet | Killed a catoblepas
 10248 | Gauntlet | Reached skill level 5 in Throwing
 10262 | Gauntlet | Identified the +2 pair of gloves "Ykkukh" {Dex+6 Slay+5
                  | SInv}
 10327 | Gauntlet | Killed a reaper
 10348 | Gauntlet | Identified the +0 hat of Spring Thaw {rPois rC++ Dex-4}
 10396 | Gauntlet | Killed a death scarab
 10405 | Gauntlet | Killed a death scarab
 10414 | Gauntlet | Identified the amulet of Peathoeb {Reflect ^Drain rElec
                  | Will+++ Str-5 SH+5}
 10487 | Gauntlet | Noticed a minotaur
 10496 | Gauntlet | Killed a minotaur
 10861 | D:12     | Found a staircase to the Orcish Mines.
 10863 | D:12     | Reached XP level 13. HP: 96/96 MP: 13/13
 11226 | Lair:1   | Entered Level 1 of the Lair of Beasts
 11246 | Lair:1   | Found a frozen archway.
 11270 | IceCv    | Entered an ice cave
 11484 | IceCv    | Reached skill level 10 in Throwing
 12075 | Lair:1   | Found a runed translucent door.
 12075 | Lair:1   | Found a shimmering altar of Xom.
 12075 | Lair:1   | Noticed Otedoll's ghost (journeyman DECj)
 13357 | Lair:2   | Found a staircase to the Snake Pit.
 13566 | Lair:3   | Noticed Gastronok
 13582 | Lair:3   | Killed Gastronok
 13583 | Lair:3   | Reached XP level 14. HP: 103/103 MP: 14/14
 13593 | Lair:2   | Acquired a NW-20 geocapacitor {Gadgeteer, rF+ rC+}
 14067 | Lair:3   | Found a staircase to the Shoals.
 14736 | Lair:4   | Found a staircase to the Slime Pits.
 14750 | Lair:4   | Received a gift from Trog
 14800 | Lair:4   | Found a viscous altar of Jiyva.
 15447 | Lair:5   | Entered Level 5 of the Lair of Beasts
 15855 | Lair:5   | Noticed Snorg
 15864 | Lair:5   | Killed Snorg
 15918 | Lair:5   | Found a hide-covered altar of Uskayaw.
 15923 | Lair:5   | Found an ornate altar of the Wu Jian Council.
 16335 | Lair:5   | Reached XP level 15. HP: 94/108 MP: 15/15
 16711 | Lair:5   | Found a burning altar of Makhleb.
 16871 | Lair:5   | Found a gateway to Hell.
 17143 | D:13     | Noticed Nessos
 17143 | D:13     | Noticed Lodul
 17143 | D:13     | Noticed Urug
 17143 | D:13     | Found a gate to the Vaults.
 17535 | D:13     | Killed Urug
 17566 | D:13     | Identified the +4 lajatang of Anguish {heavy, Will+ rCorr}
                  | (Trog gifted it to you on level 13 of the Dungeon)
 17566 | D:13     | Received a gift from Trog
 17644 | D:13     | Identified the ring of Daxaakku {rC+ rN+ EV+5 Str+5}
 17775 | D:13     | Killed Nessos
 17993 | D:13     | Killed Lodul
 18350 | D:14     | Reached skill level 10 in Armour
 18350 | D:14     | Reached skill level 10 in Dodging
 19094 | D:15     | Entered Level 15 of the Dungeon
 19822 | D:15     | Noticed a sphinx
 19834 | D:15     | Killed a sphinx
 19835 | D:15     | Reached skill level 15 in Throwing
 19908 | D:15     | Found a staircase to the Depths.
 20205 | Orc:1    | Entered Level 1 of the Orcish Mines
 20319 | Orc:1    | Found a roughly hewn altar of Beogh.
 20450 | Orc:2    | Entered Level 2 of the Orcish Mines
 20532 | Orc:2    | Found Pygar's Magic Scroll Shoppe.
 20536 | Orc:2    | Bought a scroll of noise for 13 gold pieces
 20555 | Orc:1    | Reached XP level 16. HP: 70/115 MP: 16/16
 21033 | Orc:2    | Found a roughly hewn altar of Beogh.
 21049 | Orc:2    | Found Acsig's Magic Scroll Shop.
 21217 | Orc:2    | Reached ****** piety under Trog
 21379 | Orc:2    | Found Qoferet's Antique Armour Emporium.
 21380 | Orc:2    | Found a roughly hewn altar of Beogh.
 21381 | Orc:2    | Found Onlosh's Antique Weapon Shoppe.
 21478 | Orc:2    | Found a roughly hewn altar of Beogh.
 21528 | Orc:2    | Found Seiceapn's Assorted Antiques.
 21587 | Orc:2    | Found a roughly hewn altar of Beogh.
 21739 | Orc:2    | Found a staircase to the Elven Halls.
 21948 | Orc:2    | Found a roughly hewn altar of Beogh.
 22128 | Orc:2    | Bought a scroll of acquirement for 676 gold pieces
 22128 | Orc:2    | Acquired 555 gold pieces
 22179 | Orc:2    | Bought a scroll of revelation for 247 gold pieces
 22223 | Elf:1    | Entered Level 1 of the Elven Halls
 22288 | Orc:2    | Bought a scroll of blinking for 97 gold pieces
 22492 | Shoals:1 | Entered Level 1 of the Shoals
 22907 | Shoals:1 | Received a gift from Trog
 23795 | Shoals:2 | Reached skill level 8 in Fighting
 23825 | Shoals:2 | Noticed Ilsuiw
 24165 | Shoals:2 | Killed Ilsuiw
 24232 | Shoals:2 | Reached skill level 9 in Fighting
 24465 | Shoals:2 | Received a gift from Trog
 24510 | Shoals:2 | Reached XP level 17. HP: 107/127 MP: 17/17
 24519 | Shoals:2 | Reached skill level 10 in Fighting
 24560 | Shoals:2 | Noticed Roxanne
 24586 | Shoals:2 | Reached skill level 1 in Stealth
 24822 | Shoals:2 | Killed Roxanne
 25485 | Shoals:3 | Reached skill level 11 in Fighting
 25820 | Shoals:3 | Identified the ring "Axtuacho" {Fire ^Contam rPois MP+9
                  | Int+6}
 26100 | Shoals:3 | Received a gift from Trog
 26432 | Shoals:4 | Entered Level 4 of the Shoals
 26432 | Shoals:4 | Found a glowing silver altar of Zin.
 26654 | Shoals:4 | Paralysed by an air elemental for 1 turns
 26672 | Shoals:4 | Paralysed by an air elemental for 1 turns
 26681 | Shoals:4 | Reached skill level 10 in Evocations
 26940 | Shoals:4 | Noticed Donald
 26957 | Shoals:4 | Killed Donald
 27145 | Shoals:4 | Paralysed by an air elemental for 1 turns
 27149 | Shoals:4 | Paralysed by an air elemental for 1 turns
 27445 | Shoals:4 | Paralysed by an air elemental for 1 turns
 27463 | Shoals:4 | Reached skill level 12 in Fighting
 27678 | Shoals:4 | Paralysed by an air elemental for 1 turns
 27764 | Shoals:4 | Noticed Nikola
 28108 | Shoals:4 | Paralysed by an air elemental for 1 turns
 28152 | Shoals:4 | Received a gift from Trog
 28200 | Shoals:4 | Paralysed by an air elemental for 1 turns
 28376 | Shoals:4 | Got a barnacled rune of Zot
 28555 | Shoals:4 | Killed Nikola
 28556 | Shoals:4 | Reached XP level 18. HP: 141/141 MP: 18/18
 29013 | Snake:1  | Entered Level 1 of the Snake Pit
 29899 | Snake:2  | Identified the serpent talisman of Hettoeqyi {Slay+2}
 29899 | Snake:2  | Noticed Aizul
 29912 | Snake:2  | Killed Aizul
 29912 | Snake:2  | Received a gift from Trog
 30214 | Snake:2  | Noticed Agnes
 30219 | Snake:2  | Killed Agnes
 31992 | Snake:3  | Found a runed translucent door.
 32085 | Snake:3  | Reached skill level 15 in Polearms
 32408 | Snake:3  | Reached skill level 13 in Fighting
 32411 | Snake:3  | Received a gift from Trog
 32898 | Snake:4  | Entered Level 4 of the Snake Pit
 33460 | Snake:4  | Found a blossoming altar of Fedhas.
 33508 | Snake:4  | Identified the +9 short sword of Maog {flame, rPois rF-
                  | Str+3}
 34069 | Snake:4  | Reached XP level 19. HP: 66/149 MP: 19/19
 34322 | Snake:4  | Got a serpentine rune of Zot
 35010 | Orc:2    | Bought storm dragon scales for 2240 gold pieces
 35118 | Elf:1    | Found a radiant altar of Vehumet.
 35122 | Elf:1    | Noticed Kirke
 35138 | Elf:1    | Killed Kirke
 35146 | Elf:1    | Received a gift from Trog
 35797 | Elf:1    | Found an ancient bone altar of Kikubaaqudgha.
 35915 | Elf:1    | Identified the +6 scale mail of Spite {rElec Str+4 Dex-3}
 36012 | Elf:1    | Noticed Asterion
 36020 | Elf:1    | Killed Asterion
 36393 | Elf:2    | Found Udaann's Mayhem Merchandise.
 36469 | Elf:2    | Received a gift from Trog
 36943 | Elf:2    | Found a runed translucent gate.
 36943 | Elf:2    | Found a runed translucent gate.
 36943 | Elf:2    | Found a runed translucent gate.
 37017 | Elf:2    | Reached skill level 14 in Fighting
 37823 | Elf:2    | Reached XP level 20. HP: 159/159 MP: 20/20
 38043 | Elf:3    | Entered Level 3 of the Elven Halls
 38103 | Elf:3    | Found Umeziy Yrem's Antique Weapon Emporium.
 38214 | Elf:3    | Received a gift from Trog
 38577 | Elf:3    | Found a runed translucent gate.
 38577 | Elf:3    | Found a runed translucent gate.
 38577 | Elf:3    | Found a runed translucent gate.
 38577 | Elf:3    | Noticed Qikim's ghost (journeyman GrEE)
 38590 | Elf:3    | Killed Qikim's ghost
 38902 | Elf:3    | Identified the ring "Niefatohi" {rPois rN+++ Int+2 Dex+6}
 39205 | Elf:3    | Identified the +2 leather armour of Eternal Night {Harm rC+
                  | SInv}
 39714 | Elf:3    | Identified the +1 shortbow of Jeru {elec, rC+ Will+ rCorr
                  | SInv}
 39717 | Elf:3    | Identified the staff "Tupnekh" {rC++ rN+ rCorr Str-3 Necro
                  | Earth}
 39734 | Elf:3    | Identified the +9 dagger "Napsy" {distort, *Corrode Dex+5
                  | SInv}
 40055 | Vaults:1 | Entered Level 1 of the Vaults
 40822 | Vaults:1 | Reached skill level 15 in Fighting
 41054 | Vaults:1 | Found Urghigh's Weapon Emporium.
 41145 | Vaults:1 | Received a gift from Trog
 41333 | Vaults:1 | Reached XP level 21. HP: 154/168 MP: 21/21
 41528 | Vaults:1 | Found Eciaf's General Store.
 41578 | Vaults:1 | Identified the +0 tower shield of the Desert {Fly rPois
                  | rF+}
 41641 | Vaults:1 | Reached skill level 15 in Evocations
 42657 | Vaults:2 | Received a gift from Trog
 43124 | Vaults:2 | Found a transporter.
 43124 | Vaults:2 | Noticed Gryn's ghost (adept HuEE)
 43125 | Vaults:2 | Found a transporter.
 43456 | Vaults:2 | Identified the +0 scale mail of Exadeet {rElec rPois Str+6}
 43919 | Vaults:2 | Noticed Bai Suzhen
 43933 | Vaults:2 | Killed Bai Suzhen
 43934 | Vaults:2 | Reached skill level 15 in Armour
 44078 | Vaults:3 | Noticed Margery
 44086 | Vaults:3 | Reached skill level 16 in Fighting
 44089 | Vaults:3 | Killed Margery
 44469 | Vaults:3 | Received a gift from Trog
 44915 | Vaults:3 | Reached XP level 22. HP: 179/179 MP: 22/22
 45131 | Vaults:3 | Found Reloexta's Armour Shoppe.
 45216 | Vaults:3 | Noticed Sojobo
 45217 | Vaults:3 | Reached skill level 5 in Stealth
 45233 | Vaults:3 | Killed Sojobo
 45299 | Vaults:3 | Noticed Saint Roka
 45322 | Vaults:3 | Killed Saint Roka
 45705 | Vaults:3 | Noticed Xtahua
 45721 | Vaults:3 | Killed Xtahua
 46209 | Vaults:3 | Found a staircase to the Crypt.
 46331 | Vaults:3 | Noticed Mennas
 46349 | Vaults:3 | Killed Mennas
 46591 | Vaults:3 | Noticed Norris
 46617 | Vaults:3 | Killed Norris
 46982 | Vaults:4 | Identified the +0 leather armour of Noqik {+Blink rElec
                  | rPois Regen+}
 47167 | Vaults:4 | Noticed Mara
 47171 | Vaults:4 | Killed Mara
 47172 | Vaults:4 | Reached skill level 17 in Fighting
 47313 | Vaults:4 | Found Soul Goz's Magic Scroll Emporium.
 47574 | Vaults:4 | Identified the +2 spear of Regicide {heavy, Will+ Str+2}
                  | (Trog gifted it to you on level 4 of the Vaults)
 47574 | Vaults:4 | Received a gift from Trog
 48461 | Vaults:5 | Entered Level 5 of the Vaults
 48723 | Vaults:5 | Received a gift from Trog
 48734 | Vaults:5 | Reached XP level 23. HP: 153/188 MP: 23/23
 48776 | Vaults:5 | Noticed a dread lich
 48788 | Vaults:5 | Killed a dread lich
 48803 | Vaults:5 | Reached skill level 15 in Dodging
 48894 | Vaults:5 | Identified the +1 short sword of Lies {flame, Will+ Str+2
                  | SInv Stlth+} (Trog gifted it to you on level 5 of the
                  | Vaults)
 48894 | Vaults:5 | Received a gift from Trog
 49097 | Vaults:5 | Identified the +5 swamp dragon scales of the Flute {rPois
                  | Dex+5}
 49117 | Vaults:5 | Identified the +5 trident of Spite {venom, rF+ Int+2
                  | Stlth+}
 49254 | Vaults:5 | Noticed a dread lich
 49265 | Vaults:5 | Killed a dread lich
 49658 | Vaults:5 | Identified the +1 helmet of the Ego {rElec Str+3}
 49723 | Vaults:5 | Noticed an ancient lich
 49738 | Vaults:5 | Killed an ancient lich
 49739 | Vaults:5 | Reached skill level 18 in Fighting
 49745 | Vaults:5 | Got a silver rune of Zot
 50113 | Vaults:5 | Received a gift from Trog
 51102 | Vaults:5 | Identified the +7 morningstar "Taom" {freeze, rF+ Dex+2
                  | SInv}
 51195 | Vaults:5 | Identified the +1 robe of the Platytaur {Int+2}
 52471 | Vaults:4 | Bought a scroll of enchant weapon for 127 gold pieces
 52632 | Orc:2    | Bought a scroll of enchant weapon for 97 gold pieces
 52956 | Slime:1  | Entered Level 1 of the Pits of Slime
 52967 | Slime:1  | Paralysed by a formless jellyfish for 1 turns
 52976 | Slime:1  | Paralysed by a formless jellyfish for 1 turns
 53248 | Slime:4  | Reached XP level 24. HP: 199/199 MP: 23/23
 53257 | Slime:5  | Entered Level 5 of the Pits of Slime
 53269 | Slime:5  | Identified the +2 demon trident "Leinoof" {flame, Will+
                  | SInv} (Trog gifted it to you on level 5 of the Pits of
                  | Slime)
 53269 | Slime:5  | Received a gift from Trog
 53296 | Slime:5  | Gained mutation: You occasionally shout uncontrollably at
                  | your foes. [a shining eye]
 53603 | Slime:4  | Noticed Dissolution
 53607 | Slime:4  | Gained mutation: Your body sometimes deteriorates upon
                  | taking damage. [a shining eye]
 53612 | Slime:4  | Killed Dissolution
 54096 | Slime:5  | Noticed the Royal Jelly
 54114 | Slime:5  | Killed the Royal Jelly
 54853 | Slime:5  | Identified the amulet of Immorality {Acrobat rF+ Slay+5}
 54861 | Slime:5  | Identified the staff of Compassion {rElec rPois Air}
 54897 | Slime:5  | Identified the +6 mace "Seonox" {holy, +Blink rN+ Dex+2}
 54901 | Slime:5  | Identified the amulet of the Ten Nightmares {Rampage Fly
                  | rPois RegenMP+ Int+3}
 54903 | Slime:5  | Got a slimy rune of Zot
 54910 | Slime:5  | Identified the +8 flail of Arrival {flame, rPois Str+5}
 54929 | Slime:5  | Identified the +0 scale mail "Emiel" {-Cast rPois rF+
                  | Stlth+}
 54936 | Slime:5  | Identified the +10 arbalest of Beogh's Reproof {flame,
                  | rF+++ Str-3 Int+3 Dex-3}
 55260 | Depths:1 | Entered Level 1 of the Depths
 55897 | Depths:1 | Received a gift from Trog
 56332 | Depths:1 | Acquired a manual of Dodging
 56334 | Depths:1 | Acquired the +8 demon trident "Rift" {distort, reach+}
 56334 | Depths:1 | Found the +8 demon trident "Rift" {distort, reach+}
 56349 | Depths:1 | Found the ring of Shadows {Umbra +Inv Stlth+}
 56499 | Depths:1 | Found Kacy's Antique Weapon Boutique.
 56640 | Depths:2 | Reached skill level 19 in Fighting
 56643 | Depths:2 | Noticed an ancient lich
 56652 | Depths:2 | Killed an ancient lich
 57109 | Depths:2 | Found an ancient bone altar of Kikubaaqudgha.
 57137 | Depths:2 | Identified the +12 lajatang of Summertime {heavy, Str+4
                  | Int-3 Dex+8} (Trog gifted it to you on level 2 of the
                  | Depths)
 57137 | Depths:2 | Received a gift from Trog
 57724 | Depths:2 | Found a runed translucent door.
 57724 | Depths:2 | Noticed jestert79's ghost (adept DsSu)
 57934 | Depths:2 | Reached XP level 25. HP: 204/207 MP: 23/23
 57940 | Depths:2 | Found a one-way gate leading to the halls of Pandemonium.
 57982 | Depths:2 | Lost mutation: Your body sometimes deteriorates upon taking
                  | damage. [potion of mutation]
 57982 | Depths:2 | Lost mutation: You occasionally shout uncontrollably at
                  | your foes. [potion of mutation]
 57982 | Depths:2 | Gained mutation: You passively map a small area around you.
                  | [potion of mutation]
 57982 | Depths:2 | Gained mutation: Your mind is acute. (Int +4, Str/Dex -1)
                  | [potion of mutation]
 59015 | Depths:3 | Noticed a dread lich
 59018 | Depths:3 | Paralysed by a dread lich for 5 turns
 59027 | Depths:3 | Killed a dread lich
 59182 | Depths:3 | Received a gift from Trog
 59555 | Depths:3 | Found a one-way gateway to a ziggurat.
 59795 | Depths:3 | Reached XP level 26. HP: 217/217 MP: 16/23
 60312 | Depths:4 | Entered Level 4 of the Depths
 60345 | Depths:4 | Reached skill level 20 in Fighting
 60801 | Depths:4 | Identified the +4 robe of Elitism {-Tele *Corrode rElec
                  | Regen+}
 60801 | Depths:4 | Noticed Boris
 60814 | Depths:4 | Killed Boris
 60943 | Depths:4 | Found a gate to the Realm of Zot.
 61041 | Depths:4 | Reached XP level 27. HP: 184/226 MP: 23/23
 61171 | Depths:4 | Identified the +0 robe of Apathy {rCorr}
 61567 | Depths:4 | Found a one-way gate to the infinite horrors of the Abyss.
 62145 | Orc:2    | Bought a scroll of enchant armour for 97 gold pieces
 62145 | Orc:2    | Bought a scroll of enchant armour for 97 gold pieces
 62307 | Vaults:4 | Bought a scroll of enchant armour for 127 gold pieces
 62308 | Vaults:4 | Upgraded the game from 0.32-a0-779-g362cfcae2a to
                  | 0.32-a0-791-gfc315c9ecd
 63299 | Vaults:1 | Bought 4 silver javelins for 648 gold pieces
 63435 | Zot:1    | Entered Level 1 of the Realm of Zot
 63745 | Zot:1    | Received a gift from Trog
 64544 | Zot:1    | Found an ancient bone altar of Kikubaaqudgha.
 65472 | Zot:2    | Reached skill level 21 in Fighting
 66062 | Zot:2    | Identified the +0 helmet "Noojye" {Fly Str+3 Dex+3}
 66532 | Zot:3    | Identified the +1 trident of Diet Blood {flame, rF+ rC+
                  | SInv} (Trog gifted it to you on level 3 of the Realm of
                  | Zot)
 66532 | Zot:3    | Received a gift from Trog
 67039 | Zot:4    | Found a runed translucent gate.
 67039 | Zot:4    | Found a runed translucent gate.
 67039 | Zot:4    | Found a runed translucent gate.
 67039 | Zot:4    | Noticed Raguh's ghost (veteran OnBe)
 67047 | Zot:4    | Banished Raguh's ghost
 67375 | Zot:4    | Identified the +1 leather armour "Humulo" {Rampage Will+
                  | Int-2}
 67628 | Zot:4    | Found the ring of the Mage {Wiz Archmagi}
 67643 | Zot:4    | Identified the +7 chain mail of Hangman {Str-3 Dex+6}
 68493 | Zot:5    | Entered Level 5 of the Realm of Zot
 68699 | Zot:5    | Reached skill level 22 in Fighting
 68879 | Zot:5    | Noticed a dread lich
 68884 | Zot:5    | Killed a dread lich
 69063 | Zot:5    | Noticed an orb of fire
 69069 | Zot:5    | Killed an orb of fire
 69923 | Zot:5    | Noticed a dread lich
 69944 | Zot:5    | Paralysed by a dread lich for 2 turns
 69952 | Zot:5    | Banished a dread lich
 70295 | Zot:5    | Noticed an ancient lich
 70299 | Zot:5    | Noticed an orb of fire
 70303 | Zot:5    | Killed an ancient lich
 70317 | Zot:5    | Killed an orb of fire
 70322 | Zot:5    | Identified the amulet of Buich {Faith rF+}
 70361 | Zot:5    | Reached skill level 23 in Fighting
 70843 | Zot:5    | Got the Orb of Zot
 70901 | Zot:5    | Noticed Cirub the pandemonium lord
 70933 | Zot:4    | Received a gift from Trog
 70938 | Zot:4    | Killed Cirub the pandemonium lord
 71331 | D:4      | Noticed Huaz the pandemonium lord
 71410 | D:$      | Escaped with the Orb!

Illustrated notes

Levels and vault maps discovered:
D:1:      dpeg_arrival_line_fractal, layout_loops_cross
D:2:      layout_loops_ring, uniq_crazy_yiuf_cottage
D:3:      layout_loops_ring, nicolae_overflow_two_pavilions,
          shapermc_ecumenical_altar_acropolis
D:4:      layout_loops_ring, old_standard_altar, gup_sewer_entry_bowl,
          minmay_puff
D:5:      layout_rooms, mainiacjoe_overflow_catwalk_spiral, uniq_menkaure
D:6:      layout_cave_pools, lemuel_coloured_pillars_altar,
          nicolae_dithmenos_the_darkroom, serial_column_ruins, column_ruins_hut,
          column_ruins_square_small, column_ruins_open_small,
          column_ruins_columns_dead_end, column_ruins_open_tiny,
          column_ruins_corridor_straight, column_ruins_corridor_straight,
          uniq_jeremiah, uniq_sigmund, uniq_blork_the_orc, uniq_grinder
D:7:      layout_basic, minmay_temple_entry_arrows, uniq_maurice
D:8:      layout_basic, trog_hazing_becter, due_lair_maze_entry_diamond,
          nicolae_specific_store, nicolae_shop_sticking_my_neck_out,
          uniq_prince_ribbit1
D:9:      layout_gridville, mainiacjoe_overflow_swirl, lemuel_tele_altar,
          nzn_wu_jian_council_hall, nicolae_inconvenience_store,
          kennysheep_generic_room_7, uniq_erica
D:10:     layout_stronghold, lemuel_crystal_altar, mainiacjoe_overflow_alcove_2,
          kennysheep_mini_moat, serial_bayou, serial_bayou_lagoon_a,
          serial_bayou_ford_a, serial_bayou_lake_a, serial_bayou_pond_d
D:11:     layout_basic
D:12:     minmay_clustersquares, layout_rooms, orc_0_dummy,
          gauntlet_entry_generic
D:13:     layout_cave_pools, david_vaults_3
D:14:     layout_gridville, minmay_stone_trees_large
D:15:     hellmonk_depths_entry_around_the_bend, layout_irregular_city,
          palyth_stone_intersect
Lair:1:   layout_chaotic_city, portal_ice_cave_entry_ice_simulacra,
          ebering_ghost_xom, serial_bayou_shore_a
Lair:2:   layout_misc_corridors, nicolae_snake_entry_squirm, special_room
          [special_room_bee]
Lair:3:   layout_cave_pods, nicolae_shoals_entry_roost, uniq_gastronok
Lair:4:   layout_hall_layers, minmay_slime_entry_pillars,
          hangedman_lair_generics_rect, infiniplex_staircase_pool
Lair:5:   evil_forest, layout_big_grid, st_stairs_9,
          nzn_masters_of_martial_movement, uniq_snorg
Shoals:1: layout_shoals, nicolae_shoals_goliath_grotto
Shoals:2: layout_shoals, uniq_ilsuiw, uniq_polyphemus, uniq_roxanne
Shoals:3: layout_shoals, nicolae_shoals_former_cling_halls
Shoals:4: shoals_end_hellmonk_storm_palace [storm_palace_center_circular,
          storm_palace_corner_narrow, storm_palace_corner_reverse_hut,
          storm_palace_corner_altar, storm_palace_corner_pillars], uniq_nikola,
          uniq_donald
Snake:1:  layout_rooms, special_room
Snake:2:  layout_chambers, uniq_agnes, uniq_aizul
Snake:3:  layout_onion_interference, lightli_airlock
Snake:4:  grunt_snake_rune_pools, layout_cave_town, basic_altar,
          statue_in_the_mist_lemuel, serial_bayou_shore_b
Slime:1:  layout_caves
Slime:2:  layout_caves
Slime:3:  layout_caves
Slime:4:  layout_caves, uniq_dissolution
Slime:5:  slime_pit_nicolae_royal_road_to_ruin
Orc:1:    layout_caves, basic_altar
Orc:2:    grunt_orc_community_town_hall, layout_diamond_mine,
          grunt_orc_community_big_house_1, grunt_orc_community_big_house_1,
          grunt_orc_community_house_1, grunt_orc_community_house_1,
          grunt_orc_community_house_3, grunt_orc_community_house_2,
          serial_shops, shop
Elf:1:    eino_elf_arrival_altar, layout_gridlike, basic_altar,
          minmay_elf_annihilation, uniq_kirke, uniq_asterion
Elf:2:    nicolae_elf_blades_splatter_lattice [nooodl_blade_entry_preview],
          layout_geoelf_diagonals, minmay_shop_mayhem, billiards_dpeg
Elf:3:    grunt_elf_hall_spiral, layout_onion_city, ebering_ghost_rock_garden,
          serial_shops, shop
Vaults:1: nicolae_vaults_house_1, v_rooms_2, vaults_room_corners, v_rooms_5,
          vaults_mumra_chevron_long, nicolae_vaults_lightning_bolt,
          nicolae_vaults_cornered_office, nicolae_vaults_octagons,
          vaults_standard_mumra_lines, vaults_room_hallway,
          nicolae_vaults_taking_the_gang_shopping, layout_vaults_omnibox,
          serial_shops, nicolae_shop_statue_plus
Vaults:2: gammafunk_ghost_arena, vaults_mumra_minichess,
          nicolae_vaults_more_shelving_1, ontoclasm_vaults_eye,
          vaults_mumra_hexcomb, nicolae_vaults_little_squares_1,
          hangedman_vaults_slice, ontoclasm_vaults_gallery,
          nicolae_vaults_closet_pinwheel_1, layout_vaults_chaotic_city,
          uniq_bai_suzhen
Vaults:3: nicolae_vaults_variable_pillar_hall_cross, vaults_dpeg_cross,
          nicolae_vaults_arrows, grunt_vaults_swirl, v_alt_pattern_1, v_misc_10,
          nicolae_vaults_storage_closets_2, nicolae_vaults_trapezoid_3,
          layout_vaults_omnicross, serial_shops, shop, uniq_margery,
          uniq_saint_roka, uniq_sojobo, uniq_mennas, uniq_xtahua, uniq_norris
Vaults:4: ontoclasm_vaults_bender, v_alt_pattern_6, v_misc_18,
          nicolae_vaults_ring_of_whatevers, hangedman_vaults_stitches,
          v_misc_18, nicolae_vaults_more_shelving_2, vaults_room_stairs_pillars,
          nicolae_vaults_tetromino_T_2, nicolae_vaults_sightless_eye,
          nicolae_vaults_diamond_1, nicolae_vaults_storage_room_glass,
          layout_vaults_ring, serial_shops, nicolae_shop_tiny_waterfront,
          uniq_mara
Vaults:5
Depths:1: layout_honeycomb, chequers_serial_rivers_micro_e, serial_shops,
          nicolae_shop_tiny_glass, grunt_hell_entry_dis_old,
          grunt_decor_fettered, kennysheep_boxes
Depths:2: minmay_the_grid_net [minmay_the_grid_expand, minmay_the_grid_x,
          minmay_the_grid_slots, minmay_the_grid_tri_star,
          minmay_the_grid_outer_diamond, minmay_the_grid_prize_inner_circle],
          layout_cave_shapes, gammafunk_ghost_grave, rand_demon_pan_entry_9,
          hell_entry, chequers_serial_rivers_small_b, kiku_gazebo_garden_becter
Depths:3: lemuel_river_lethe, abyss_entry, hell_entry, uniq_parghit
Depths:4: grunt_zot_entry_tricorne, layout_basic, hangedman_coc_ice_floe,
          abyss_entry_crystal, hangedman_decor_opposing, uniq_boris
Zot:1:    nicolae_zot_stationary_front, layout_misc_corridors,
          regret_index_zotdec_icy_dp
Zot:2:    layout_gridlike, hangedman_zot_decor_slant
Zot:3:    layout_misc_corridors
Zot:4:    layout_gridlike, ebering_ghost_rock_garden, st_small_dragon_hoard_3
Zot:5:    layout_misc_corridors, nicolae_tricolors

Skill      XL: |  1  2  3  4  5  6  7  8  9 10 11 12 13 14 15 16 17 18 19 20 21 22 23 24 25 26 27 |
---------------+----------------------------------------------------------------------------------+-----
Polearms       | 3 4 5 7 8 11 12 14 15 16 17 18 19 22 | 22.1
Fighting       | 4 5 7 9 12 13 14 15 16 17 18 19 20 23 | 23.2
Armour         | 3 5 6 7 9 10 11 13 14 15 16 17 18 | 18.4
Evocations     | 1 6 8 11 12 13 14 16 17 18 19 20 | 20.0
Dodging        | 4 6 7 9 10 11 12 13 14 15 17 20 | 20.0
Throwing       | 2 9 11 13 15 16 17 | 17.6
Stealth        | 1 2 3 4 6 |  6.9

Action                     |  1- 3 |  4- 6 |  7- 9 | 10-12 | 13-15 | 16-18 | 19-21 | 22-24 | 25-27 || total
---------------------------+-------+-------+-------+-------+-------+-------+-------+-------+-------++-------
  Melee: Spear             |    70 |   247 |    47 |       |       |       |       |       |       ||   364
         Dagger            |    55 |    15 |       |       |       |       |       |       |       ||    70
         Trident           |       |     3 |   374 |   696 |   788 |   208 |       |       |       ||  2069
         Demon trident     |       |       |       |   182 |   834 |  1766 |  1480 |  1744 |  1822 ||  7828
  Throw: Dart              |       |       |     4 |    14 |   129 |    38 |       |       |       ||   185
         Boomerang         |       |       |       |     3 |    13 |    70 |    38 |    54 |    56 ||   234
         Javelin           |       |       |       |       |     5 |     5 |       |     7 |    21 ||    38
 Invoke: Berserk           |     1 |     1 |     3 |    11 |     7 |    14 |    11 |    15 |     4 ||    67
         Trog's Hand       |       |     1 |     7 |     7 |     8 |    13 |     5 |     7 |    10 ||    58
         Brothers in Arms  |       |       |       |     1 |     1 |     3 |       |     3 |     1 ||     9
Ability: Invent Gizmo      |       |       |       |       |     1 |       |       |       |       ||     1
  Evoke: Wand              |       |       |     2 |     8 |     2 |       |       |       |       ||    12
         Lightning rod     |       |       |       |       |       |       |     2 |     4 |       ||     6
         Condenser vane    |       |       |       |       |       |       |       |       |     1 ||     1
    Use: Scroll            |       |     3 |    17 |     7 |     6 |     6 |     9 |     8 |    11 ||    67
         Potion            |       |       |       |       |       |     2 |       |     6 |     9 ||    17
   Stab: Sleeping          |     1 |     2 |       |       |       |       |       |       |       ||     3
         Paralysed         |       |       |     2 |       |       |       |       |       |       ||     2
         Distracted        |       |       |       |     1 |       |     4 |    24 |    28 |    23 ||    80
 Armour: Animal skin       |    19 |       |       |       |       |       |       |       |       ||    19
         Leather armour    |     8 |    60 |       |       |       |       |       |       |       ||    68
         Chain mail        |       |       |   147 |     5 |   454 |   533 |     5 |       |       ||  1144
         Plate armour      |       |       |       |   292 |       |       |       |       |       ||   292
         Storm dragon scal |       |       |       |       |       |       |   327 |   427 |    74 ||   828
         Gold dragon scale |       |       |       |       |       |       |       |       |   220 ||   220
  Dodge: Dodged            |    20 |    46 |    44 |    97 |   349 |   413 |   289 |   354 |   240 ||  1852

Table legend: (Time is in decaauts)
 A = Elapsed time spent in this place.
 B = Non-inter-level travel time spent in this place.
 C = Inter-level travel time spent in this place.
 D = Time resting spent in this place.
 E = Time spent auto-exploring this place.
 F = Levels seen in this place.
 G = Mean time per level.
                   A        B        C        D        E       F      G
               +--------+--------+--------+--------+--------+-----+--------+
         Total |  70354 |  63088 |   7266 |  10121 |  40479 |  55 | 1279.2 |
       Dungeon |  15018 |  12937 |   2081 |   1114 |   8999 |  15 | 1001.2 |
          Lair |   6140 |   5129 |   1011 |    474 |   3812 |   5 | 1228.0 |
        Shoals |   6572 |   6189 |    383 |    982 |   3693 |   4 | 1643.0 |
     Snake Pit |   5380 |   4932 |    448 |    390 |   3989 |   4 | 1345.0 |
    Slime Pits |   2147 |   1857 |    290 |   1002 |    346 |   5 |  429.4 |
  Orcish Mines |   2371 |   1761 |    610 |    202 |   1167 |   2 | 1185.5 |
   Elven Halls |   4830 |   4533 |    297 |    982 |   2698 |   3 | 1610.0 |
        Vaults |  12256 |  10964 |   1292 |   1665 |   7259 |   5 | 2451.2 |
        Depths |   6737 |   6122 |    615 |    816 |   4238 |   4 | 1684.2 |
           Zot |   7337 |   7102 |    235 |   2145 |   3619 |   5 | 1467.4 |
         Sewer |    308 |    308 |      0 |     48 |    157 |   1 |  308.0 |
      Ice Cave |    348 |    348 |      0 |    169 |      5 |   1 |  348.0 |
      Gauntlet |    905 |    905 |      0 |    126 |    495 |   1 |  905.0 |
               +--------+--------+--------+--------+--------+-----+--------+

Top non-repeatable levels by time:
Vaults:5: 3864 daAuts
Vaults:3: 2794 daAuts
   Zot:4: 2364 daAuts
Depths:3: 2257 daAuts
Vaults:2: 2109 daAuts
Shoals:4: 1939 daAuts
 Snake:3: 1926 daAuts
   Elf:2: 1874 daAuts
Vaults:4: 1756 daAuts
Shoals:2: 1732 daAuts
Vaults:1: 1731 daAuts
    D:13: 1626 daAuts
   Elf:3: 1622 daAuts
Depths:2: 1587 daAuts
   Orc:2: 1579 daAuts
